Map: Dusk Towers

Players

AcerBly (Bly) - Winner!

  • Race: Zerg Zerg
  • League: Grandmaster

TomikuS

  • Race: Zerg Zerg
  • League: Grandmaster

Event: Gauntlet LotV Series 1 Qualifier 2

VOD

Have the link to the VOD?

Description

Time

  • Played on: Dec. 5, 2015, 2:28 p.m.
  • Length: 10:48

All games in this series

Show
View Real Time Build Order
Export as new Build Order

AcerBly Zerg - Winner!

Build Orders: Pool First 

Get SALT Encoding   

  12  0:01  Drone  
  13  0:11  Drone  
  14  0:15  Extractor  
  13  0:28  Spawning Pool  
  12  0:32  Drone  
  13  0:36  Drone  
  14  0:45  Drone, Extractor  
  15  0:53  Overlord  
  15  1:15  Queen  
  15  1:17  Zergling x6  
  20  1:25  Metabolic Boost  
  20  1:29  Zergling x2  
  21  1:51  Hatchery  
  20  1:59  Zergling x4  
  22  2:04  Overlord  
  22  2:22  Zergling x2  
  23  2:26  Zergling x8  
  27  2:35  Zergling x2  
  28  2:46  Drone  
  29  3:01  Drone  
  29  3:02  Queen  
  30  3:14  Drone x2  
  30  3:15  Drone x2  
  30  3:19  Drone  
  33  3:25  Drone  
  26  3:37  Zergling x10  
  31  3:41  Queen x2  
  31  3:46  Overlord  
  35  3:53  Overlord  
  35  4:04  Drone  
  35  4:05  Drone x2  
  35  4:07  Drone  
  39  4:21  Zergling x12  
  45  4:27  Baneling Nest  
  38  4:42  Queen  
  38  4:43  Queen  
  39  4:45  Drone  
  39  4:46  Drone  
  39  4:52  Zergling x6  
  43  5:06  Zergling x8  
  42  5:11  Baneling x3  
  42  5:13  Baneling  
  37  5:31  Queen  
  37  5:34  Drone x5  
  44  5:40  Drone  
  43  5:50  Lair, Extractor  
  43  5:54  Baneling x3  
  42  5:57  Zergling x4  
  42  5:58  Zergling x4  
  44  6:07  Queen  
  44  6:11  Zergling x8  
  43  6:26  Zergling x6  
  43  6:31  Spine Crawler, Baneling x2  
  44  6:34  Zergling x2  
  44  6:37  Zergling x2  
  45  6:43  Drone x4  
  49  6:47  Drone, Extractor x2  
  49  6:48  Queen x2  
  52  7:00  Baneling x2  
  42  7:10  Zergling x8  
  46  7:16  Zergling x6  
  44  7:27  Drone  
  44  7:28  Drone  
  39  7:30  Queen, Zergling x4  
  39  7:31  Queen  
  45  7:41  Zergling x4  
  45  7:42  Baneling x2  
  37  7:52  Zergling x4  
  37  7:56  Baneling x3  
  39  8:01  Zergling x4  
  41  8:06  Queen  
  41  8:12  Drone x2  
  41  8:21  Drone x3  
  41  8:23  Drone  
  45  8:27  Drone  
  45  8:30  Baneling x2  
  45  8:41  Drone  
  45  8:42  Drone x4  
  48  8:58  Drone x2  
  48  8:59  Overlord  
  50  9:03  Spire, Baneling  
  50  9:09  Baneling x3  
  47  9:10  Baneling  
  47  9:12  Baneling  
  47  9:13  Baneling x3  
  47  9:24  Queen  
  47  9:28  Drone, Baneling  
  47  9:30  Drone  
  51  9:34  Overseer  
  51  9:49  Overlord  
  51  9:57  Overlord  
  51  10:20  Hatchery  
Show
View Real Time Build Order
Export as new Build Order

TomikuS Zerg 

Build Orders: Hatch First, Zergling Baneling 

Get SALT Encoding   

  12  0:01  Drone  
  13  0:12  Overlord  
  13  0:17  Drone  
  14  0:30  Drone x2  
  16  0:38  Drone  
  17  0:53  Hatchery  
  17  0:56  Drone  
  17  0:59  Drone  
  18  1:07  Drone  
  18  1:11  Extractor  
  18  1:19  Spawning Pool  
  18  1:21  Drone  
  18  1:30  Drone  
  19  1:39  Overlord  
  19  2:05  Queen x2  
  19  2:07  Zergling x4  
  25  2:10  Metabolic Boost  
  25  2:13  Drone  
  25  2:15  Drone  
  27  2:16  Drone  
  28  2:25  Drone  
  29  2:31  Baneling Nest  
  29  2:36  Drone x2  
  30  2:42  Queen  
  32  2:46  Zergling x4  
  34  2:51  Zergling x2  
  34  3:00  Zergling x4  
  34  3:05  Zergling x2  
  34  3:11  Zergling x2  
  33  3:13  Zergling x2  
  33  3:14  Zergling x4  
  33  3:19  Baneling  
  25  3:40  Zergling x6  
  25  3:41  Zergling x2  
  29  3:56  Zergling x4  
  30  4:03  Baneling x2  
  30  4:09  Zergling x4  
  32  4:10  Zergling x6  
  34  4:18  Zergling x2  
  34  4:21  Overlord  
  29  4:46  Zergling x2  
  29  4:47  Zergling x14  
  37  4:55  Baneling x2  
  37  4:56  Baneling x3  
  36  5:06  Zergling x4  
  37  5:12  Zergling x4  
  32  5:31  Zergling x6  
  32  5:32  Baneling, Zergling x4  
  32  5:33  Baneling  
  32  5:44  Zergling x4  
  32  5:56  Zergling x4  
  33  6:01  Zergling x2  
  33  6:02  Zergling x2  
  33  6:09  Zergling x6  
  33  6:10  Baneling  
  34  6:15  Zergling x4  
  31  6:28  Zergling x8  
  31  6:31  Baneling x2  
  35  6:37  Zergling x4  
  35  6:43  Baneling  
  35  6:44  Baneling  
  35  6:45  Zergling x4  
  37  6:51  Baneling x2  
  36  7:00  Zergling x8  
  36  7:11  Zergling x4  
  36  7:31  Zergling x8  
  38  7:40  Zergling x4  
  38  7:45  Zergling x6  
  38  7:48  Baneling x2  
  38  7:50  Zergling x2  
  39  7:57  Zergling x2  
  36  8:15  Zergling x6  
  36  8:19  Zergling x6  
  38  8:20  Baneling x3  
  38  8:21  Baneling x2  
  37  8:29  Baneling  
  37  8:30  Baneling x2  
  37  8:33  Zergling x4  
  37  8:34  Zergling x2  
  35  8:42  Zergling x6  
  34  8:51  Zergling x4  
  34  8:52  Zergling x2  
  35  9:01  Zergling x4  
  34  9:09  Baneling x2  
  32  9:10  Zergling x4  
  34  9:19  Drone x3  
  37  9:27  Drone x3  
  39  9:44  Drone x4  
  41  9:47  Baneling x2  
  41  9:48  Baneling  
  41  10:02  Drone x3  
  44  10:17  Baneling  
  36  10:29  Drone x7  
  36  10:30  Overlord  
Tags
 
Add a new tag
Caveats
  • Supply blocks, unpowered buildings, or Contaminate may cause inaccurate times.
  • Supply counts are checked every 10 seconds.